 Dungeon Crawl Stone Soup version 0.31-a0-986-g5e6e4ef867 (webtiles) character file.

Game seed: 866724554913872160

148421 RepHenryClay the Spry (level 16, -24/87 HPs)
             Began as a Deep Elf Fire Elementalist on Nov 21, 2023.
             Was a High Priest of Vehumet.
             Killed by the raging water
             ... invoked by a water nymph
              (43 damage)
             ... on level 4 of the Shoals on Nov 22, 2023.
             The game lasted 01:35:02 (38977 turns).

RepHenryClay the Spry (Deep Elf Fire Elementalist) Turns: 38977, Time: 01:35:03

Health: -24/87     AC: 10    Str:  6    XL:     16   Next: 94%
Magic:  36/36      EV: 34    Int: 27    God:    Vehumet [*****.]
Gold:   1195       SH:  9    Dex: 26    Spells: 2/44 levels left

rFire   + + .        a - staff of conjuration
rCold   + + .        T - +2 buckler of the Leaf {rPois}
rNeg    + + +        V - +0 leather armour of Cowardice {rC+ Will+ Str+3 Slay-2}
rPois   +            B - +1 helmet
rElec   +            L - +2 cloak "Cydy" {Harm rC+ Str-2 Dex+6}
rCorr   .            J - +0 pair of gloves
SInv    .            O - +0 pair of boots {Fly}
Will    +++..        u - amulet of Descent {Acrobat Drain +Inv rN++ Dex+3}
Stlth   +++          k - ring "Axor" {rN++ Will+ Slay+4}
HPRegen 0.34/turn    c - ring "Fugutz" {rElec rF++ EV+5}
MPRegen 0.25/turn

%: harm (+30% outgoing, +20% incoming), acrobat
@: flying
A: no striking features
a: Renounce Religion, Evoke Invisibility


You were on level 4 of the Shoals.
You worshipped Vehumet.
Vehumet was extremely pleased with you.
You visited 5 branches of the dungeon, and saw 27 of its levels.

You collected 3013 gold pieces.
You spent 1818 gold pieces at shops.

Inventory:

Hand Weapons
 o - the +6 Majin-Bo {spellvamp, MP+6 Int+6}
   (You acquired it on level 8 of the Dungeon)

   Int+6:     It affects your intelligence (+6).
   MP+6:      It affects your magic capacity (+6).
Missiles
 t - 3 throwing nets (quivered)
Armour
 B - a +1 helmet (worn)
 I - the +3 leather armour of the Wheelwright {rElec rPois Int+3}
   (You found it on level 8 of the Dungeon)

   Int+3:     It affects your intelligence (+3).
   rElec:     It insulates you from electricity.
   rPois:     It protects you from poison
 J - a +0 pair of gloves (worn)
 L - the +2 cloak "Cydy" (worn) {Harm rC+ Str-2 Dex+6}
   (You found it on level 2 of the Shoals)

   Str-2:     It affects your strength (-2).
   Dex+6:     It affects your dexterity (+6).
   rC+:       It protects you from cold.
   Harm:      It increases damage dealt and taken.
 O - a +0 pair of boots of flying (worn)
 T - the +2 buckler of the Leaf (worn) {rPois}
   (You bought it in a shop on level 14 of the Dungeon)

   rPois:     It protects you from poison
 U - a +1 robe of cold resistance
 V - the +0 leather armour of Cowardice (worn) {rC+ Will+ Str+3 Slay-2}
   (You bought it in a shop on level 2 of the Orcish Mines)

   Str+3:     It affects your strength (+3).
   Slay-2:    It affects your accuracy & damage with ranged weapons and melee
   (-2).
   rC+:       It protects you from cold.
   Will+:     It increases your willpower.
Magical Staves
 a - a staff of conjuration (weapon)
 H - a staff of air
Jewellery
 c - the ring "Fugutz" (right hand) {rElec rF++ EV+5}
   (You found it on level 10 of the Dungeon)

   [ring of evasion]

   EV+5:      It affects your evasion (+5).
   rF++:      It greatly protects you from fire.
   rElec:     It insulates you from electricity.
 k - the ring "Axor" (left hand) {rN++ Will+ Slay+4}
   (You took it off a merfolk on level 4 of the Shoals)

   [ring of slaying]

   Slay+4:    It affects your accuracy & damage with ranged weapons and melee
   (+4).
   rN++:      It greatly protects you from negative energy.
   Will+:     It increases your willpower.
 n - a ring of willpower
 u - the amulet of Descent (around neck) {Acrobat Drain +Inv rN++ Dex+3}
   (You bought it in a shop on level 9 of the Dungeon)

   [amulet of the acrobat]

   Acrobat:   It increases your evasion while moving and waiting.
   Dex+3:     It affects your dexterity (+3).
   rN++:      It greatly protects you from negative energy.
   +Inv:      It lets you turn invisible.
   Drain:     It drains your maximum health when unequipped.
 w - a ring of flight
 D - a ring of protection from fire
 G - a ring of resist corrosion
Wands
 A - a wand of light (8)
 E - a wand of roots (12)
 Q - a wand of paralysis (18)
 W - a wand of digging (10)
 Y - a wand of mindburst (9)
Scrolls
 f - 6 scrolls of enchant armour
 g - 4 scrolls of teleportation
 i - 2 scrolls of brand weapon
 p - 3 scrolls of revelation
 r - 2 scrolls of butterflies
 s - 5 scrolls of poison
 v - 3 scrolls of amnesia
 x - 4 scrolls of fear
 K - 2 scrolls of enchant weapon
 P - 2 scrolls of immolation
 S - a scroll of identify {@r1}
 Z - a scroll of blinking
Potions
 b - 3 potions of magic
 d - 6 potions of curing
 e - 2 potions of cancellation
 h - 2 potions of enlightenment
 j - 3 potions of ambrosia
 l - 4 potions of lignification
 m - 2 potions of haste
 q - 5 potions of attraction
 z - 8 potions of degeneration
 C - 3 potions of resistance
 M - a potion of brilliance
 N - a potion of mutation
 R - 4 potions of berserk rage
 X - a potion of might


   Skills:
 - Level 5.0 Fighting
 - Level 4.0 Short Blades
 - Level 20.0 Dodging
 - Level 5.0 Stealth
 - Level 7.0 Shields
 - Level 14.5 Spellcasting
 - Level 14.7 Conjurations
 + Level 12.0 Fire Magic
 - Level 5.0 Ice Magic
 + Level 10.0 Air Magic
 - Level 7.0 Earth Magic
 - Level 3.0 Poison Magic


You had 2 spell levels left.
You knew the following spells:

 Your Spells              Type           Power      Damage    Failure   Level
a - Plasma Beam           Fire/Air       34%        2x1d47    3%          6
b - Scorch                Fire           100%       2d9       1%          2
c - Flame Wave            Conj/Fire      95%        2d20      1%          4
d - Mephitic Cloud        Conj/Pois/Air  81%        N/A       1%          3
e - Poisonous Vapours     Pois/Air       100%       N/A       1%          2
f - Freezing Cloud        Conj/Ice/Air   41%        6-21      1%          5
g - Static Discharge      Conj/Air       100%       3-8/arc   1%          2
h - Fireball              Conj/Fire      47%        3d19      1%          5
i - Bombard               Conj/Erth      43%        9d7       3%          6
j - Orb of Destruction    Conj           49%        9d13      3%          7

Your spell library contained the following spells:

 Spells                   Type           Power      Damage    Failure   Level
 Lee's Rapid Deconstruct  Erth           27%        3d15*     3%          5
 Foxfire                  Conj/Fire      100%       2x1d9     1%          1
 Passwall                 Tmut/Erth      31%        N/A       2%          2
 Ensorcelled Hibernation  Hex/Ice        66%        N/A       3%          2
 Slow                     Hex            76%        N/A       7%          1
 Hailstorm                Conj/Ice       83%        3d17      1%          3
 Inner Flame              Hex/Fire       51%        N/A       1%          3
 Swiftness                Air            65%        N/A       1%          3
 Volatile Blastmotes      Fire/Tloc      100%       2d18      1%          3
 Brom's Barrelling Bould  Conj/Erth      87%        2d10      1%          4
 Iskenderun's Battlesphe  Conj           99%        2d15      1%          5
 Conjure Ball Lightning   Conj/Air       46%        3x3d16    1%          6
 Starburst                Conj/Fire      47%        6d13      1%          6
 Ozocubu's Armour         Ice            46%        N/A       2%          3
 Confusing Touch          Hex            19%        N/A       21%         3
 Sigil of Binding         Hex            19%        N/A       21%         3
 Vampiric Draining        Necr           19%        2d7       21%         3
 Borgnjor's Vile Clutch   Necr/Erth      19%        N/A       41%         5
 Alistair's Intoxication  Tmut/Pois      18%        N/A       69%         5
 Eringya's Noxious Bog    Tmut/Pois      13%        4d6       77%         6
 Ozocubu's Refrigeration  Ice            23%        4d12      83%         7
 Summon Mana Viper        Hex/Summ       19%        N/A       88%         5


Dungeon Overview and Level Annotations

Branches:
Dungeon (15/15)            Temple (1/1) D:7            Lair (5/5) D:8
 Shoals (4/4) Lair:2        Snake (0/4) Lair:2        Slime (0/5) Lair:5
    Orc (2/2) D:9             Elf (0/3) Orc:2        Vaults (0/5) D:14
 Depths (0/4) D:15

Altars:
Ashenzari
Cheibriados
Dithmenos
Elyvilon
Fedhas
Gozag
Hepliaklqana
Kikubaaqudgha
Makhleb
Nemelex Xobeh
Okawaru
Qazlal
Ru
Sif Muna
Trog
Uskayaw
Vehumet
Wu Jian
Xom
Yredelemnul
Zin
The Shining One

Shops:
D:3 !   D:9 =   D:11 [(((   D:14 *   Orc:2 (:[*   Shoals:2 *

Annotations:
D:12 Jorgrun
Orc:2 good books


Message History

You drop a scroll of vulnerability.
You hear a splash.
You drop 5 scrolls of noise.
You hear a splash.
o - a staff of conjuration
Things that are here:
5 scrolls of noise; a scroll of vulnerability You feel your magic capacity decrease.
The darkness slowly releases its grasp on your magic.
o - a staff of conjuration (weapon)
Adjust (i)tems, (s)pells, or (a)bilities?
o - a staff of conjuration (weapon)
Adjust to which letter? (? for menu, Esc to quit)
a - a staff of conjuration (weapon)
o - the +6 Majin-Bo {spellvamp, MP+6 Int+6}
Okay, then.
There is an open door here.
A merfolk comes into view. It is wielding a +0 trident.
Found 18 gold pieces.
A water nymph comes into view.
The water nymph shouts!
The merfolk shouts!
You hear a shout! x2
The water nymph points at you and mumbles some strange words.
The water rises up and strikes you!
Huge Dmg: -20%(-18hp) hp: 80%(69hp)
Press: ? - help, v - describe, . - travel
Here: a water nymph (water) Some deep water.
A sun demon comes into view.
The water nymph points at you and mumbles some strange words.
The water rises up and strikes you!!
A water nymph comes into view.
The water nymph shouts!
Huge Dmg: -36%(-31hp) hp: 44%(38hp)
As you read the scroll of fog, it dissolves into smoke.
The merfolk hits you from afar with a +0 trident!
* * * LOW HITPOINT WARNING * * *
A water nymph comes into view.
The water nymph casts a spell at you. The water rises up and strikes you!!!
You die...

≈#≈≈≈≈≈≈≈≈≈≈≈≈≈≈≈#
≈≈≈≈≈≈≈≈≈≈≈≈≈≈≈≈≈≈#
~≈≈≈≈≈≈≈≈≈≈≈≈≈≈≈≈≈#
m≈≈≈≈≈≈≈≈≈≈≈≈≈≈≈≈≈#
~≈≈≈≈≈≈≈≈≈≈≈≈≈≈≈≈≈≈#
,~3≈≈≈≈≈≈≈≈≈≈≈≈≈≈≈≈#
≈≈≈≈≈≈≈≈§≈≈≈≈≈≈≈≈≈#
≈≈m≈≈≈§§§≈≈≈≈≈≈≈≈≈#
m≈≈≈≈m§@§§≈≈≈≈≈≈≈≈#
≈≈~≈≈≈§§§≈≈≈≈≈≈≈≈≈#
~~~≈≈≈≈≈§≈≈≈≈≈≈≈≈≈#
~~~~~~≈≈≈≈≈≈≈≈≈≈≈≈#
..$~~~~≈≈≈≈≈≈≈≈≈≈≈
....~~~≈≈≈≈≈≈≈≈≈≈
.....~~≈≈≈≈≈≈≈≈≈
.....~~≈≈≈≈≈≈≈≈


You could see a merfolk, a sun demon (wandering) and 3 water nymphs.

Vanquished Creatures
  Mlioglotl (Lair:2)
  Polyphemus (Shoals:2)
  Kirke (Lair:5)
  Aizul (Lair:2)
  Roxanne (D:15)
  2 orc warlords
  A formless jellyfish (Shoals:4)
  Josephine (Orc:2)
  An entropy weaver (shapeshifter) (D:13)
  6 merfolk impalers
  2 merfolk javelineers (Shoals:4)
  A rakshasa (D:13)
  3 hydras
  5 catoblepae
  4 merfolk avatars
  4 boulder beetles
  Harold (D:10)
  3 two-headed ogres
  2 satyrs
  A death knight (D:15)
  8 centaur warriors
  2 alligator snapping turtles
  2 merfolk aquamancers (Shoals:4)
  A tengu warrior (D:13)
  12 death yaks
  Urug (D:12)
  6 orc high priests
  3 skysharks
  3 goliath frogs (Shoals:2)
  2 storm dragon zombies (D:15)
  5 sea snakes
  2 skeletal warriors (D:15)
  Lodul (D:12)
  A sea snake (shapeshifter) (D:14)
  2 arcanists
  A flayed ghost (D:15)
  Pikel (D:8)
  7 orc knights
  A necromancer (D:15)
  3 harpies (Shoals:2)
  4 deep elf pyromancers
  10 cyclopes
  2 ugly things
  18 fauns
  5 orc sorcerers (Orc:2)
  10 merfolk sirens
  14 manticores
  Maurice (D:9)
  19 elephants
  4 black mambas
  5 water nymphs
  A gargoyle (D:14)
  2 unseen horrors
  4 rime drakes
  12 cane toads
  Maggie (D:9)
  Psyche (D:10)
  2 kobold demonologists (D:13)
  6 komodo dragons
  A tengu conjurer (D:15)
  4 freezing wraiths
  3 polar bears
  8 trolls
  14 blink frogs
  4 wind drakes
  15 merfolk
  Prince Ribbit (D:9)
  7 snapping turtles
  11 slime creatures
  A shadow (D:12)
  A spriggan skeleton (D:15)
  9 water elementals
  10 wraiths
  68 yaks
  2 vampires
  5 wyverns
  3 basilisks
  3 hogs (Lair:5)
  6 vampire mosquitoes
  6 wargs
  Menkaure (D:6)
  3 steam dragons
  3 nagas (Lair:2)
  An acid dragon (D:10)
  9 water moccasins
  A water moccasin (shapeshifter) (D:15)
  A sky beast (D:7)
  A black bear (D:7)
  5 ice beasts
  46 orc warriors
  8 wolves (Lair:5)
  9 centaurs
  18 ogres
  4 phantoms
  2 kobold brigands
  15 bullfrogs
  Blork the orc (D:5)
  A gnoll sergeant (D:6)
  A scorpion (D:4)
  4 wights (D:7)
  15 killer bees
  5 howler monkeys
  2 electric eels (D:11)
  A hound (D:5)
  2 jellies
  32 orc priests
  2 gnoll boudas
  2 sleepcaps
  8 iguanas
  42 orc wizards
  13 hell rats
  A boggart simulacrum (D:13)
  18 gnolls
  5 adders
  4 white imps
  2 ufetubi (D:6)
  3 worms (D:2)
  2 dart slugs
  102 orcs
  7 ball pythons
  5 endoplasms
  2 giant cockroaches (D:2)
  7 goblins
  11 hobgoblins
  3 jackals (D:1)
  5 quokkas
  7 bats
  3 frilled lizards
  13 kobolds
  6 rats
  3 butterflies
876 creatures vanquished.

Vanquished Creatures (others)
  A warg (Orc:1)
  2 orc wizards (Orc:2)
  446 foxfires
449 creatures vanquished.

Grand Total: 1325 creatures vanquished

Notes
Turn   | Place    | Note
-------+----------+-------------------------------------------
     0 | D:1      | RepHenryClay the Deep Elf Fire Elementalist began the quest
                  | for the Orb.
     0 | D:1      | Reached XP level 1. HP: 10/10 MP: 6/6
   188 | D:1      | Reached XP level 2. HP: 15/15 MP: 2/8
   467 | D:1      | Reached XP level 3. HP: 19/19 MP: 5/9
   800 | D:2      | Reached skill level 3 in Dodging
  1184 | D:2      | Reached XP level 4. HP: 24/24 MP: 8/11
  1836 | D:3      | Found Howkoxerch's Distillery.
  1856 | D:3      | Bought a potion of haste for 100 gold pieces
  1856 | D:3      | Bought a potion of heal wounds for 50 gold pieces
  1866 | D:3      | Found a broken altar of Ashenzari.
  2009 | D:3      | Reached XP level 5. HP: 27/28 MP: 10/13
  2368 | D:3      | Learned a level 2 spell: Scorch
  2373 | D:3      | Learned a level 4 spell: Flame Wave
  2591 | D:3      | You fall into a shaft and drop 1 floor!
  2629 | D:4      | Learned a level 3 spell: Mephitic Cloud
  2885 | D:3      | Reached XP level 6. HP: 22/32 MP: 11/14
  3036 | D:4      | Reached skill level 5 in Conjurations
  3939 | D:5      | Entered Level 5 of the Dungeon
  4009 | D:5      | Reached skill level 5 in Fire Magic
  4013 | D:5      | Reached XP level 7. HP: 34/36 MP: 6/15
  4400 | D:5      | Reached skill level 1 in Air Magic
  4400 | D:5      | Reached skill level 1 in Poison Magic
  4644 | D:5      | Reached skill level 4 in Dodging
  4799 | D:5      | Reached XP level 8. HP: 34/41 MP: 11/17
  4956 | D:5      | Noticed Blork the orc
  4963 | D:5      | Killed Blork the orc
  5162 | D:5      | Reached skill level 5 in Spellcasting
  5625 | D:6      | Reached skill level 5 in Stealth
  6018 | D:6      | Noticed Menkaure
  6025 | D:6      | Killed Menkaure
  6026 | D:6      | Reached skill level 5 in Dodging
  6828 | D:6      | Found a shadowy altar of Dithmenos.
  6832 | D:6      | Reached XP level 9. HP: 45/45 MP: 13/18
  7021 | D:7      | Reached skill level 6 in Dodging
  7188 | D:7      | Found an iron altar of Okawaru.
  7192 | D:7      | Reached skill level 1 in Short Blades
  7604 | D:7      | Noticed a troll
  7611 | D:7      | Killed a troll
  7794 | D:7      | Noticed a cyclops
  7804 | D:7      | Killed a cyclops
  7805 | D:7      | Reached skill level 7 in Dodging
  8054 | D:7      | Reached skill level 8 in Dodging
  8209 | D:7      | Noticed a cyclops
  8391 | D:7      | Killed a cyclops
  8392 | D:7      | Reached XP level 10. HP: 50/50 MP: 6/19
  8511 | D:7      | Found a staircase to the Ecumenical Temple.
  8530 | Temple   | Entered the Ecumenical Temple
  8534 | Temple   | Became a worshipper of Vehumet
  8642 | D:7      | Reached skill level 9 in Dodging
  8993 | D:8      | Found a staircase to the Lair.
  9160 | D:8      | Noticed Pikel
  9167 | D:8      | Killed Pikel
  9324 | D:8      | Identified the +3 leather armour of the Wheelwright {rElec
                  | rPois Int+3}
  9702 | D:8      | Reached skill level 10 in Dodging
  9774 | D:8      | Found a transporter.
  9777 | D:8      | Found a transporter.
  9884 | D:9      | Noticed Prince Ribbit
  9895 | D:9      | Killed Prince Ribbit
 10025 | D:9      | Noticed a two-headed ogre
 10036 | D:9      | Killed a two-headed ogre
 10163 | D:9      | Found Alevizu's Jewellery Shoppe.
 10206 | D:9      | Reached skill level 11 in Dodging
 10311 | D:9      | Reached * piety under Vehumet
 10311 | D:9      | Offered knowledge of Kiss of Death by Vehumet.
 10346 | D:9      | Found an ornate altar of the Wu Jian Council.
 10346 | D:9      | Found an opulent altar of Gozag.
 10348 | D:9      | Found a snail-covered altar of Cheibriados.
 10446 | D:9      | Found a staircase to the Orcish Mines.
 10471 | D:9      | Noticed Maggie
 10484 | D:9      | Killed Maggie
 10642 | D:9      | Noticed Maurice
 10810 | D:9      | Reached XP level 11. HP: 50/54 MP: 13/20
 10917 | D:10     | Entered Level 10 of the Dungeon
 10918 | D:10     | Noticed Psyche
 10961 | D:10     | Killed Psyche
 11076 | D:10     | Noticed Harold
 11148 | D:10     | Killed Harold
 11253 | D:10     | Reached skill level 10 in Conjurations
 11514 | D:10     | Identified the ring "Fugutz" {rElec rF++ EV+5}
 11591 | D:10     | Found a shimmering blue altar of Sif Muna.
 11852 | D:10     | Reached skill level 10 in Fire Magic
 12052 | D:10     | Reached skill level 12 in Dodging
 12242 | D:11     | Found Erudaney's Antique Weapon Emporium.
 12305 | D:11     | Found Pokej's Antique Armour Shoppe.
 12310 | D:11     | Noticed a two-headed ogre
 12673 | D:11     | Killed a two-headed ogre
 12809 | D:11     | Offered knowledge of Shock by Vehumet.
 12854 | D:11     | Found Ameecare's Antique Weapon Shoppe.
 12912 | D:11     | Found Vepoijev's Weapon Boutique.
 13295 | D:9      | Bought the amulet of Descent {Acrobat Drain +Inv rN++
                  | Dex+3} for 607 gold pieces
 13303 | D:9      | Learned a level 2 spell: Poisonous Vapours
 13309 | D:9      | Learned a level 5 spell: Freezing Cloud
 13417 | D:13     | Identified the of Araeril
 13417 | Lair:1   | Entered Level 1 of the Lair of Beasts
 13562 | Orc:1    | Entered Level 1 of the Orcish Mines
 13574 | D:9      | Reached skill level 1 in Ice Magic
 13671 | Orc:1    | Noticed an orc high priest
 13672 | Orc:1    | Noticed an orc warlord
 13675 | Orc:1    | Reached ** piety under Vehumet
 13689 | D:9      | Killed an orc warlord
 13962 | D:9      | Reached skill level 5 in Air Magic
 14037 | Orc:1    | Killed an orc high priest
 14218 | Orc:2    | Entered Level 2 of the Orcish Mines
 14220 | Orc:2    | Noticed an orc high priest
 14308 | Orc:2    | Found a staircase to the Elven Halls.
 14315 | Orc:2    | Reached skill level 5 in Ice Magic
 14318 | Orc:2    | Noticed an orc knight
 14321 | Orc:2    | Offered knowledge of Static Discharge by Vehumet.
 14322 | Orc:2    | Reached XP level 12. HP: 43/59 MP: 8/21
 14330 | Orc:1    | Learned a level 2 spell: Static Discharge
 14525 | D:11     | Bought a pair of glowing boots for 157 gold pieces
 14715 | Lair:1   | Reached *** piety under Vehumet
 14906 | Lair:1   | Offered knowledge of Frozen Ramparts by Vehumet.
 15106 | Lair:1   | Reached skill level 13 in Dodging
 15800 | Lair:2   | Found a staircase to the Snake Pit.
 16049 | Lair:2   | Reached skill level 14 in Dodging
 16132 | Lair:2   | Found a staircase to the Shoals.
 16164 | Lair:2   | Reached **** piety under Vehumet
 17156 | Lair:3   | Noticed a six-headed hydra
 17157 | Lair:3   | Noticed a boulder beetle
 17427 | Lair:3   | Reached XP level 13. HP: 46/63 MP: 15/23
 17494 | Lair:2   | Identified 2 scrolls of acquirement
 17494 | Lair:2   | Acquired a ring of willpower
 17604 | Lair:3   | Learned a level 5 spell: Fireball
 17680 | Lair:3   | Offered knowledge of Sticky Flame by Vehumet.
 18791 | Lair:4   | Reached skill level 10 in Spellcasting
 18802 | Lair:4   | Reached ***** piety under Vehumet
 18806 | Lair:4   | Offered knowledge of Plasma Beam by Vehumet.
 18823 | Lair:4   | Reached skill level 15 in Dodging
 18929 | Lair:3   | Learned a level 6 spell: Plasma Beam
 19347 | Lair:4   | Identified the +6 flail of Eternal War {elec, rPois rC-
                  | Str+4 SInv}
 19674 | Lair:5   | Entered Level 5 of the Lair of Beasts
 19898 | Lair:5   | Reached skill level 10 in Air Magic
 20471 | Lair:5   | Identified the +10 scale mail of Gufeibot {Drain rF+ Str+7}
 20565 | Lair:5   | Reached XP level 14. HP: 68/68 MP: 19/30
 20742 | Lair:5   | Identified the +5 short sword of the Beast {protect, rElec
                  | rN+}
 20742 | Lair:5   | Noticed Kirke
 20780 | Lair:5   | Killed Kirke
 21246 | Lair:5   | Found a staircase to the Slime Pits.
 21338 | Lair:5   | Reached skill level 16 in Dodging
 21662 | Lair:5   | Offered knowledge of Bombard by Vehumet.
 22361 | Lair:5   | Learned a level 6 spell: Bombard
 22690 | Orc:2    | Noticed an orc warlord
 22698 | Orc:1    | Reached skill level 1 in Fighting
 24370 | Orc:2    | Killed an orc warlord
 24383 | Orc:2    | Reached skill level 5 in Fighting
 24580 | Orc:2    | Reached skill level 17 in Dodging
 26043 | Orc:2    | Found Daffyef's General Store.
 26044 | Orc:2    | Found Wumit's Book Emporium.
 26046 | Orc:2    | Found Kogodac's Antique Armour Emporium.
 26046 | Orc:2    | Found Lautut's Antique Weapon Shoppe.
 26149 | Orc:2    | Noticed Josephine
 26152 | Orc:2    | Killed Josephine
 26174 | Orc:2    | Reached XP level 15. HP: 82/82 MP: 12/33
 26538 | Orc:2    | Bought a distressingly furry leather armour for 217 gold
                  | pieces
 26538 | Orc:2    | Identified the +0 leather armour of Cowardice {rC+ Will+
                  | Str+3 Slay-2} (You bought it in a shop on level 2 of the
                  | Orcish Mines)
 26546 | Orc:2    | Bought a wand of digging (5) for 294 gold pieces
 26546 | Orc:2    | Bought a potion of curing for 42 gold pieces
 26744 | D:8      | Acquired the +6 Majin-Bo {spellvamp, MP+6 Int+6}
 26744 | D:8      | Found the +6 Majin-Bo {spellvamp, MP+6 Int+6}
 26890 | D:9      | Killed Maurice
 27227 | D:12     | Noticed Urug
 27232 | D:12     | Killed Urug
 27242 | D:12     | Noticed Jorgrun
 27248 | D:12     | Noticed Lodul
 27544 | D:12     | Killed Lodul
 27727 | D:12     | Offered knowledge of Spellforged Servitor by Vehumet.
 28461 | D:13     | Reached skill level 1 in Earth Magic
 28512 | D:13     | Reached skill level 18 in Dodging
 30008 | D:14     | Found an ornate altar of the Wu Jian Council.
 30295 | D:14     | Found Hysail's Assorted Antiques.
 30298 | D:14     | Bought a slimy buckler for 351 gold pieces
 30298 | D:14     | Identified the +2 buckler of the Leaf {rPois} (You bought
                  | it in a shop on level 14 of the Dungeon)
 30869 | D:14     | Found a gate to the Vaults.
 30891 | D:14     | Identified the +2 mace "Killer Bee's Curse" {venom, rN+}
 31057 | D:15     | Entered Level 15 of the Dungeon
 31057 | D:15     | Noticed Roxanne
 31179 | D:15     | Killed Roxanne
 31675 | D:15     | Found a staircase to the Depths.
 31689 | D:15     | Offered knowledge of Irradiate by Vehumet.
 32089 | D:15     | Reached skill level 19 in Dodging
 33296 | Shoals:1 | Identified the "Jeotisij"
 33296 | Shoals:1 | Entered Level 1 of the Shoals
 33296 | Shoals:1 | Identified the serpent talisman "Ehaloklone" {rPois}
 33296 | Shoals:1 | Noticed Aizul
 33305 | Lair:2   | Killed Aizul
 33472 | Shoals:1 | Reached skill level 1 in Shields
 33506 | Shoals:1 | Reached skill level 5 in Earth Magic
 33583 | Shoals:1 | Noticed Mlioglotl
 33594 | Lair:2   | Killed Mlioglotl
 33822 | Shoals:1 | Reached XP level 16. HP: 70/87 MP: 25/35
 34851 | Shoals:2 | Identified the +2 cloak "Cydy" {Harm rC+ Str-2 Dex+6}
 35160 | Shoals:2 | Found Bien's General Store.
 35434 | Shoals:2 | Noticed Polyphemus
 35440 | Shoals:2 | Killed Polyphemus
 35468 | Shoals:2 | Learned a level 7 spell: Orb of Destruction
 35695 | Shoals:2 | Reached skill level 5 in Shields
 36095 | Shoals:3 | Identified the of Tiamajutudd
 36366 | Shoals:3 | Reached ****** piety under Vehumet
 36670 | Shoals:3 | Offered knowledge of Lee's Rapid Deconstruction by Vehumet.
 37836 | Shoals:4 | Entered Level 4 of the Shoals
 38297 | Shoals:4 | Identified the ring "Axor" {rN++ Will+ Slay+4}
 38728 | Shoals:4 | Reached skill level 20 in Dodging
 38977 | Shoals:4 | Killed from afar by a water nymph

Illustrated notes

Levels and vault maps discovered:
D:1:      ncdulo_watergridlock, layout_basic
D:2:      layout_basic
D:3:      layout_loops_ring, mainiacjoe_overflow_small_starburst, serial_shops,
          shop_coins
D:4:      layout_rooms
D:5:      layout_loops_cross, uniq_blork_the_orc
D:6:      hellmonk_destroyed_diamonds, layout_loops_ring,
          grunt_dithmenos_shadows, uniq_menkaure
D:7:      minmay_chambers_of_sixes, layout_loops_corners,
          mainiacjoe_overflow_chevrons, minmay_temple_entry_slanted,
          minmay_misc_feat_tiny
D:8:      gammafunk_beogh_shrine, layout_loops_ring, lair_entry_dummy,
          uniq_pikel
D:9:      layout_irregular_city, gammafunk_temple_overflow_claw, serial_shops,
          shop, uniq_prince_ribbit1, uniq_maurice, uniq_maggie
D:10:     layout_irregular_city, mainiacjoe_overflow_six_doors_small,
          serial_bayou_crossing, uniq_psyche, uniq_harold
D:11:     layout_basic, serial_shops, shop, shop, shop_statue, shop
D:12:     layout_loops_corners, serial_shops, shop, st_stairs_9,
          nicolae_looking_at_the_future, uniq_azrael, uniq_jorgrun, uniq_urug,
          uniq_lodul
D:13:     kennysheep_bubbly, layout_basic
D:14:     layout_long_grid, david_vaults_4, minmay_misc_feat_pillars,
          serial_shops, nicolae_shop_tiny_real_fake_doors,
          nzn_wu_jian_council_hall
D:15:     gammafunk_depths_entry_grave, layout_irregular_city,
          minmay_crystal_water, grunt_decor_resistance, uniq_roxanne
Temple:   hellmonk_temple_two_chambers
Lair:1:   layout_chaotic_city, serial_bayou_pond_d, lemuel_fruit_fields
Lair:2:   layout_layer_cave, shoals_dummy_entry, guppyfry_snake_entry_island,
          nicolae_lair_grove_arrangements, grunt_forest_small_clearing_treed
Lair:3:   layout_roguey, infiniplex_staircase_pool_2, lemuel_fruit_fields,
          grunt_megastairs_1
Lair:4:   layout_concentric_octagons, guppyfry_lair_drakes, lemuel_fruit_fields
Lair:5:   evilmike_catoblepas_cave, layout_cave_pods, dpeg_slime_entry_corner,
          minivault_26, uniq_kirke
Shoals:1: layout_shoals, uniq_mlioglotl, uniq_aizul
Shoals:2: layout_shoals, nicolae_take_the_stairs, nicolae_shoals_goliath_grotto,
          uniq_polyphemus
Shoals:3: layout_shoals
Shoals:4: shoals_end_simple, layout_shoals, nicolae_shoals_sun_and_surf
Orc:1:    layout_caves
Orc:2:    st_orc_congregation, layout_caves, uniq_josephine

Skill      XL: |  1  2  3  4  5  6  7  8  9 10 11 12 13 14 15 16 |
---------------+-------------------------------------------------+-----
Stealth        | 3 4 5 |  5.0
Dodging        | 3 4 5 8 11 12 14 15 17 19 20 | 20.0
Conjurations   | 2 4 5 6 7 8 9 10 11 12 13 14 | 14.7
Fire Magic     | 4 5 6 7 8 9 10 11 12 | 12.0
Spellcasting   | 4 5 10 12 13 14 | 14.5
Air Magic      | 1 3 5 8 10 | 10.0
Poison Magic   | 1 3 |  3.0
Short Blades   | 4 |  4.0
Ice Magic      | 5 |  5.0
Fighting       | 5 |  5.0
Earth Magic    | 5 7 |  7.0
Shields        | 2 7 |  7.0

Action                     |  1- 3 |  4- 6 |  7- 9 | 10-12 | 13-15 | 16-18 || total
---------------------------+-------+-------+-------+-------+-------+-------++-------
  Melee: Unarmed           |     1 |     2 |     7 |     7 |       |       ||    17
         Dagger            |       |       |     4 |   146 |   179 |       ||   329
         Punch             |       |       |       |     4 |     3 |       ||     7
         Bo                |       |       |       |       |    17 |       ||    17
         Staff             |       |       |       |       |     1 |       ||     1
  Throw: Throwing net      |       |       |       |     1 |       |       ||     1
   Cast: Foxfire           |    65 |   103 |    54 |    42 |       |       ||   264
         Scorch            |       |    12 |   115 |    77 |    17 |       ||   221
         Flame Wave        |       |       |    11 |    61 |    27 |       ||    99
         Mephitic Cloud    |       |       |     5 |    12 |    16 |       ||    33
         Freezing Cloud    |       |       |       |     8 |    26 |     1 ||    35
         Plasma Beam       |       |       |       |       |   309 |   130 ||   439
         Poisonous Vapours |       |       |       |       |    13 |       ||    13
         Fireball          |       |       |       |       |    21 |    34 ||    55
         Static Discharge  |       |       |       |       |    30 |     6 ||    36
         Bombard           |       |       |       |       |    23 |     1 ||    24
         Orb of Destructio |       |       |       |       |       |     4 ||     4
  Evoke: Wand              |       |       |     1 |     2 |     6 |     1 ||    10
    Use: Potion            |     1 |       |     2 |     3 |     1 |       ||     7
         Scroll            |       |       |       |    12 |    16 |     4 ||    32
   Stab: Sleeping          |       |       |       |     4 |     1 |       ||     5
         Confused          |       |       |       |     6 |     4 |       ||    10
         Invisible         |       |       |       |     1 |       |       ||     1
         Held in net/web   |       |       |       |     1 |       |       ||     1
 Armour: Robe              |    25 |    24 |    44 |    12 |       |       ||   105
         Leather armour    |       |       |       |   138 |   189 |    35 ||   362
         Skin              |       |       |       |     4 |       |       ||     4
  Dodge: Dodged            |    27 |    33 |    56 |   468 |   674 |    81 ||  1339
  Block: Buckler           |       |       |       |       |    12 |    21 ||    33

Table legend: (Time is in decaauts)
 A = Elapsed time spent in this place.
 B = Non-inter-level travel time spent in this place.
 C = Inter-level travel time spent in this place.
 D = Time resting spent in this place.
 E = Time spent auto-exploring this place.
 F = Levels seen in this place.
 G = Mean time per level.
                   A        B        C        D        E       F      G
               +--------+--------+--------+--------+--------+-----+--------+
         Total |  38999 |  36171 |   2828 |   7846 |  23289 |  27 | 1444.4 |
       Dungeon |  20932 |  18996 |   1936 |   2993 |  13504 |  15 | 1395.5 |
        Temple |      8 |      5 |      3 |      0 |      0 |   1 |    8.0 |
          Lair |   8498 |   8031 |    467 |   1588 |   5277 |   5 | 1699.6 |
        Shoals |   5087 |   4937 |    150 |   1629 |   2702 |   4 | 1271.8 |
  Orcish Mines |   4473 |   4202 |    271 |   1636 |   1806 |   2 | 2236.5 |
               +--------+--------+--------+--------+--------+-----+--------+

Top non-repeatable levels by time:
   Orc:2: 2463 daAuts
  Lair:5: 2353 daAuts
  Lair:2: 2231 daAuts
     D:9: 2065 daAuts
    D:11: 2037 daAuts
   Orc:1: 2010 daAuts
    D:13: 2006 daAuts
Shoals:2: 1975 daAuts
     D:7: 1912 daAuts
     D:6: 1665 daAuts
    D:15: 1597 daAuts
Shoals:3: 1590 daAuts
    D:14: 1457 daAuts
  Lair:4: 1393 daAuts
     D:4: 1377 daAuts
